 Dungeon Crawl Stone Soup version 0.31-a0-1496-g79c7dd0eeb (webtiles) character file.

Game seed: 12211938802396664457

130 funkygono the Magician (level 4, -7/24 HPs)
             Began as a Deep Elf Fire Elementalist on Dec 29, 2023.
             Mangled by BigAl98's ghost (8 damage)
             ... on level 3 of the Dungeon.
             The game lasted 00:06:33 (2435 turns).

funkygono the Magician (Deep Elf Fire Elementalist) Turns: 2435, Time: 00:06:34

Health: -7/24      AC:  2    Str:  5    XL:     4   Next: 90%
Magic:  1/13       EV: 12    Int: 27    God:
Gold:   210        SH:  0    Dex: 15    Spells: 7/13 levels left

rFire   + . .        e - +10 whip "Xoithi" {venom, Int+5}
rCold   x . .        (no shield)
rNeg    . . .        a - +0 robe
rPois   .            (no helmet)
rElec   .            (no cloak)
rCorr   .            (no gloves)
SInv    .            (no boots)
Will    ++...        (no amulet)
Stlth   ++           k - ring of willpower
HPRegen 0.24/turn    l - ring of fire
MPRegen 0.13/turn

%: no passive effects
@: enlightened, flying
A: no striking features
a: no special abilities


You were on level 3 of the Dungeon.
You visited 1 branch of the dungeon, and saw 3 of its levels.

You collected 210 gold pieces.

Inventory:

Hand Weapons
 e - the +10 whip "Xoithi" (weapon) {venom, Int+5}
   (You found it on level 2 of the Dungeon)

   Int+5:     It affects your intelligence (+5).
 g - a +1 short sword of venom
Armour
 a - a +0 robe (worn)
Jewellery
 k - a ring of willpower (left hand)
 l - a ring of fire (right hand)
Talismans
 f - a serpent talisman
Scrolls
 j - a scroll of revelation
 m - 2 scrolls of amnesia
Potions
 b - a potion of magic
 c - a potion of heal wounds {unknown}
 d - 2 potions of curing
 h - a potion of enlightenment
 i - 2 potions of might {unknown}
 n - a potion of cancellation {unknown}
 o - a potion of haste {unknown}


   Skills:
 + Level 2.5 Dodging
 - Level 2.4 Stealth
 + Level 5.0 Spellcasting
 + Level 2.0 Conjurations
 + Level 4.7 Fire Magic


You had 7 spell levels left.
You knew the following spells:

 Your Spells              Type           Power      Damage    Failure   Level
a - Foxfire               Conj/Fire      100%       2x1d9     1%          1
b - Scorch                Fire           96%        2d9       1%          2
c - Volatile Blastmotes   Fire/Tloc      58%        2d14      9%          3

Your spell library contained the following spells:

 Spells                   Type           Power      Damage    Failure   Level
 Inner Flame              Hex/Fire       29%        N/A       9%          3
 Flame Wave               Conj/Fire      37%        2d10      17%         4
 Animate Armour           Summ/Erth      12%        N/A       56%         4
 Summon Lightning Spire   Summ/Air       6%         N/A       56%         4
 Lee's Rapid Deconstruct  Erth           3%         3d5*      89%         5


Dungeon Overview and Level Annotations

Branches:
Dungeon (3/15)

Altars:

Shops:
D:2 !

Annotations:
D:3 BigAl98's ghost, amateur FoHu


Message History

Confirm with . or Enter, or press ? or * to list all spells.
You feel a surge of power!
Flames lash BigAl98's ghost.
BigAl98's ghost is moderately damaged.
BigAl98's ghost's fire resistance burns away.
BigAl98's ghost misses you.
Unknown command.
Casting: Scorch (safe; 1% risk of failure)
Confirm with . or Enter, or press ? or * to list all spells.
You feel a surge of power!
Flames lash the kobold.
You kill the kobold!
BigAl98's ghost hits you.
Unknown command.
Casting: Scorch (safe; 1% risk of failure)
Confirm with . or Enter, or press ? or * to list all spells.
You feel a surge of power!
Flames lash the kobold.
You kill the kobold!
BigAl98's ghost closely misses you.
Unknown command.
Casting: Scorch (safe; 1% risk of failure)
Confirm with . or Enter, or press ? or * to list all spells.
You feel a surge of power!
Flames lash BigAl98's ghost.
BigAl98's ghost is burned terribly!
BigAl98's ghost is severely damaged.
BigAl98's ghost barely misses you.
Unknown command.
Casting: Scorch (safe; 1% risk of failure)
Confirm with . or Enter, or press ? or * to list all spells.
You feel a surge of power!
Flames lash the kobold brigand.
The kobold brigand is moderately wounded.
The kobold brigand's fire resistance burns away.
BigAl98's ghost hits you!
* * * LOW HITPOINT WARNING * * *
Casting: Scorch (safe; 1% risk of failure)
Confirm with . or Enter, or press ? or * to list all spells.
You don't have enough magic to cast this spell.
Unknown command.
It was a potion of enlightenment.
You feel very buoyant.
You fly up into the air.
BigAl98's ghost hits you!
You die...

#...####...#..###### ##.#
#...####.#...##.♣.## ##...
#...###..#...#.....#* #..#.
#...##..#....'.###..# #.##.
#...##.##....K.....|######.##.
#...##.##...)K.###..#....#....
##.###.......K#K....##......##.
#......#....#W##.♣.##.[.....##.
#..####...#.#.@#####....†..###.
#####....##..###.###.......##..
##....#...##.###.###.......##.#
##..........#.##..###.......##.#
#................##########....#
#..............### #.........###
#.............)# #........##
##.........<#### #........#
##...##...## #<.......#


You could see a kobold brigand (combustible), BigAl98's ghost (combustible) and
3 kobolds.

Vanquished Creatures
  A bombardier beetle (D:3)
  4 adders
  A worm (D:2)
  5 dart slugs
  3 orcs (D:2)
  3 endoplasms
  2 giant cockroaches
  4 goblins
  4 hobgoblins
  2 jackals (D:1)
  7 kobolds
  A quokka (D:1)
  7 ball pythons
  A bat (D:1)
  2 rats
47 creatures vanquished.

Vanquished Creatures (others)
  110 foxfires
110 creatures vanquished.

Grand Total: 157 creatures vanquished

Notes
Turn   | Place    | Note
-------+----------+-------------------------------------------
     0 | D:1      | funkygono the Deep Elf Fire Elementalist began the quest
                  | for the Orb.
     0 | D:1      | Reached XP level 1. HP: 10/10 MP: 6/6
   219 | D:1      | Reached XP level 2. HP: 15/15 MP: 5/8
   267 | D:1      | Learned a level 2 spell: Scorch
   992 | D:2      | Reached XP level 3. HP: 19/19 MP: 7/10
   996 | D:2      | Learned a level 3 spell: Volatile Blastmotes
  1009 | D:2      | Identified the +10 whip "Xoithi" {venom, Int+5}
  1088 | D:2      | Found Makio's Distillery.
  1448 | D:2      | Found a faded altar of an unknown god.
  1817 | D:3      | Reached skill level 4 in Spellcasting
  1817 | D:3      | Reached XP level 4. HP: 24/24 MP: 8/12
  2185 | D:3      | Reached skill level 5 in Spellcasting
  2242 | D:3      | Found a runed translucent gate.
  2242 | D:3      | Found a runed translucent gate.
  2242 | D:3      | Found a runed translucent gate.
  2277 | D:3      | Noticed a kobold brigand
  2288 | D:3      | Noticed BigAl98's ghost (amateur FoHu)
  2373 | D:3      | Identified a scroll of acquirement
  2373 | D:3      | Acquired a ring of willpower
  2434 | D:3      | HP: 1/24 [BigAl98's ghost (11)]
  2435 | D:3      | Mangled by BigAl98's ghost

Illustrated notes

Levels and vault maps discovered:
D:1:      giann_horns, layout_loops_ring
D:2:      layout_rooms, hellmonk_ecumenical_altar_defaced_shrine, serial_shops,
          shop
D:3:      layout_rooms, gammafunk_ghost_nasty_kobolds

Skill      XL: |  1  2  3  4 |
---------------+-------------+-----
Fire Magic     | 4 |  4.7
Spellcasting   | 4 5 |  5.0
Conjurations   | 2 |  2.0
Dodging        | |  2.5
Stealth        | |  2.4

Action                     |  1- 3 |  4- 6 || total
---------------------------+-------+-------++-------
  Melee: Short sword       |     1 |       ||     1
         Whip              |       |     1 ||     1
   Cast: Foxfire           |    49 |    16 ||    65
         Scorch            |    10 |    11 ||    21
    Use: Scroll            |     4 |     6 ||    10
         Potion            |       |     1 ||     1
 Armour: Robe              |     4 |     5 ||     9
  Dodge: Dodged            |     3 |     4 ||     7

Table legend: (Time is in decaauts)
 A = Elapsed time spent in this place.
 B = Non-inter-level travel time spent in this place.
 C = Inter-level travel time spent in this place.
 D = Time resting spent in this place.
 E = Time spent auto-exploring this place.
 F = Levels seen in this place.
 G = Mean time per level.
                   A        B        C        D        E       F      G
               +--------+--------+--------+--------+--------+-----+--------+
         Total |   2432 |   2374 |     58 |    141 |   1922 |   3 |  810.7 |
       Dungeon |   2432 |   2374 |     58 |    141 |   1922 |   3 |  810.7 |
               +--------+--------+--------+--------+--------+-----+--------+

Top non-repeatable levels by time:
     D:1: 989 daAuts
     D:2: 817 daAuts
     D:3: 624 daAuts
